 Dungeon Crawl Stone Soup version 0.29.0-5-ge4962eb29e (webtiles) character file.

Game seed: 13073194090043797926

54 Arum the Digger (level 4, -3/30 HPs)
             Began as a Formicid Earth Elementalist on Aug 29, 2022.
             Slain by Terence
             ... wielding a +2 trident of protection
              (4 damage)
             ... on level 3 of the Dungeon.
             The game lasted 00:03:02 (2378 turns).

Arum the Digger (Formicid Earth Elementalist)       Turns: 2378, Time: 00:03:02

Health: -3/30      AC:  2    Str: 13    XL:     4   Next: 12%
Magic:  2/18       EV: 12    Int: 16    God:
Gold:   31         SH:  0    Dex: 14    Spells: 1/9 levels left

rFire   . . .      SeeInvis +   c - +0 short sword
rCold   . . .      Faith    .   (no shield)
rNeg    . . .      Spirit   .   a - +0 robe
rPois   .          Reflect  .   (helmet unavailable)
rElec   .          Harm     .   (no cloak)
rCorr   .          Rampage  .   (no gloves)
Will    .....                   (no boots)
Stlth   ++........              (no amulet)
HPRegen 0.10/turn               f - ring of magical power
MPRegen 0.16/turn               (no ring)

@: very slightly contaminated
A: permanent stasis, dig shafts and tunnels, antennae 3, four strong arms
a: Dig, Shaft Self


You were on level 3 of the Dungeon.
You visited 1 branch of the dungeon, and saw 3 of its levels.

You collected 31 gold pieces.

Inventory:

Hand Weapons
 c - a +0 short sword (weapon)
Missiles
 h - 6 silver boomerangs
Armour
 a - a +0 robe (worn)
Jewellery
 f - a ring of magical power (left hand)
Scrolls
 d - a scroll of magic mapping {unknown}
 e - 3 scrolls of identify {unknown}
 i - a scroll of fog {unknown}
 m - a scroll of blinking {unknown}
 n - a scroll of noise {unknown}
 o - a scroll of poison {unknown}
Potions
 b - a potion of magic
 g - 3 potions of brilliance {unknown}
 j - 2 potions of curing {unknown}
 k - a potion of ambrosia {unknown}
 l - a potion of flight {unknown}


   Skills:
 - Level 1.7 Dodging
 - Level 2.4 Stealth
 * Level 3.3 Spellcasting
 + Level 1.9 Transmutations
 + Level 4.3 Earth Magic


You had one spell level left.
You knew the following spells:

 Your Spells              Type           Power      Damage    Failure   Level
a - Sandblast             Erth           32%        2d9       3%          1
b - Petrify               Tmut/Erth      12%        N/A       45%         4
c - Stone Arrow           Conj/Erth      18%        3d8       22%         3

Your spell library contained the following spells:

 Spells                   Type           Power      Damage    Failure   Level
 Passwall                 Tmut/Erth      10%        N/A       8%          2
 Wereblood                Tmut           9%         N/A       12%         2
 Sublimation of Blood     Necr           2%         N/A       26%         2
 Summon Hydra             Summ           1%         N/A       100%        7


Dungeon Overview and Level Annotations

Branches:
Dungeon (3/15)

Altars:

Annotations:
D:3 Terence


Innate Abilities, Weirdness & Mutations

You cannot be hasted, slowed, berserked, paralysed or teleported.
You can dig through walls and to a lower floor.
You have a pair of large antennae on your head. (SInv)
Your four strong arms can wield two-handed weapons with a shield.


Message History

Casting: Stone Arrow (quite dangerous; 22% risk of failure)
Confirm with . or Enter, or press ? or * to list all spells.
The spell is quite dangerous to miscast (22% risk of failure)!
Continue anyway?
Aiming: Stone Arrow (quite dangerous; 22% risk of failure)
Press: ? - help, Shift-Dir - straight line, f/p - Terence
Aim: Terence, wielding a +2 trident of protection and wearing a +2 chain mail of poison resistance (74% to hit)
The stone arrow hits Terence but does no damage.
Terence hits you from afar with a +2 trident of protection.
Casting: Stone Arrow (quite dangerous; 22% risk of failure)
Confirm with . or Enter, or press ? or * to list all spells.
The spell is quite dangerous to miscast (22% risk of failure)!
Continue anyway?
Aiming: Stone Arrow (quite dangerous; 22% risk of failure)
Press: ? - help, Shift-Dir - straight line, f/p - Terence
Aim: Terence, wielding a +2 trident of protection and wearing a +2 chain mail of poison resistance (74% to hit)
You miscast Stone Arrow.
Nothing appears to happen.
Terence barely misses you.
Casting: Stone Arrow (quite dangerous; 22% risk of failure)
Confirm with . or Enter, or press ? or * to list all spells.
The spell is quite dangerous to miscast (22% risk of failure)!
Continue anyway?
Aiming: Stone Arrow (quite dangerous; 22% risk of failure)
Press: ? - help, Shift-Dir - straight line, f/p - Terence
Aim: Terence, wielding a +2 trident of protection and wearing a +2 chain mail of poison resistance (74% to hit)
The stone arrow misses Terence.
Terence closely misses you.
Casting: Stone Arrow (quite dangerous; 22% risk of failure)
Confirm with . or Enter, or press ? or * to list all spells.
The spell is quite dangerous to miscast (22% risk of failure)!
Continue anyway?
Aiming: Stone Arrow (quite dangerous; 22% risk of failure)
Press: ? - help, Shift-Dir - straight line, f/p - Terence
Aim: Terence, wielding a +2 trident of protection and wearing a +2 chain mail of poison resistance (74% to hit)
The stone arrow hits Terence.
Terence is moderately wounded.
Terence hits you from afar with a +2 trident of protection!
The blast of sand hits Terence but does no damage.
Terence is moderately wounded.
Terence hits you from afar with a +2 trident of protection!
* * * LOW HITPOINT WARNING * * *
Terence hits you from afar with a +2 trident of protection!
* * * LOW HITPOINT WARNING * * *
Unknown command.
Terence hits you from afar with a +2 trident of protection.
You die...

### #@# #.#
#@# # ###.#
#
#...##...#.#
...........#
#....#.....#
#.## ####.##
# .#


You could see Terence.

Vanquished Creatures
  An adder (D:2)
  A dart slug (D:1)
  5 bats
  An endoplasm (D:2)
  5 giant cockroaches (D:1)
  5 goblins
  6 hobgoblins
  A quokka (D:2)
  7 ball pythons
  A frilled lizard (D:2)
  2 kobolds (D:1)
  4 rats
39 creatures vanquished.

Notes
Turn   | Place    | Note
-------+----------+-------------------------------------------
     0 | D:1      | Arum the Formicid Earth Elementalist began the quest for
                  | the Orb.
     0 | D:1      | Reached XP level 1. HP: 13/13 MP: 3/3
   297 | D:1      | Reached XP level 2. HP: 19/19 MP: 2/5
   368 | D:1      | Reached skill level 4 in Earth Magic
   506 | D:1      | Found a faded altar of an unknown god.
   605 | D:1      | Reached XP level 3. HP: 21/24 MP: 7/7
  1513 | D:2      | Reached XP level 4. HP: 30/30 MP: 8/8
  2095 | D:3      | Noticed Terence
  2364 | D:2      | Learned a level 4 spell: Petrify
  2368 | D:2      | Learned a level 3 spell: Stone Arrow
  2377 | D:3      | HP: 1/30 [Terence/+2 trident of protection (8)]
  2378 | D:3      | Slain by Terence

Illustrated notes

Levels and vault maps discovered:
D:1:      zelgadis_glass_arrival_small, layout_loops_ring,
          chequers_ecumenical_altar_simple_redux
D:2:      layout_basic
D:3:      kennysheep_goblin_castle, layout_basic, uniq_terence

Skill      XL: |  1  2  3 |
---------------+----------+-----
Earth Magic    | 4 |  4.3
Spellcasting   | 3 |  3.3
Dodging        | |  1.7
Stealth        | |  2.4
Transmutations | |  1.9

Action                   |  1- 3 |  4- 6 || total
-------------------------+-------+-------++-------
Melee: Short sword       |     5 |       ||     5
       Punch             |     1 |       ||     1
 Cast: Sandblast         |    43 |    12 ||    55
       Stone Arrow       |       |     3 ||     3
Armor: Robe              |     6 |       ||     6
Dodge: Dodged            |    22 |     5 ||    27
